 Dungeon Crawl Stone Soup version 0.30.0-3-ga4e48a9924 (webtiles) character file.

Game seed: 12143763391223898972

2338 jimonade the Slasher (level 9, -3/65 HPs)
             Began as a Djinni Monk on May 7, 2023.
             Shot with a sling bullet by an orc warrior (9 damage)
             ... in a bailey.
             The game lasted 00:22:53 (6419 turns).

jimonade the Slasher (Djinni Monk)                  Turns: 6419, Time: 00:22:54

Health: -3/65      AC: 11    Str: 10    XL:     9   Next: 70%
Gold:   279        EV: 15    Int: 13    God:
                   SH:  0    Dex: 19

rFire   + + .        a - +0 long sword
rCold   x . .        d - orb {light}
rNeg    . . .        s - +3 leather armour
rPois   ∞            (no helmet)
rElec   .            (no cloak)
rCorr   .            A - +0 pair of gloves
SInv    .            (boots unavailable)
Will    .....        I - amulet of faith
Stlth   +            B - +4 ring of protection
HPRegen 0.30/turn    (no ring)
MPRegen 0.00/turn

%: faith, infuse magic (-4 HP)
@: flying, glowing
A: sickness immunity, fire resistance 2, cold vulnerability 1, float, innate
caster, HP casting, extra vitality 1
a: no special abilities


You were in a bailey.
You visited 2 branches of the dungeon, and saw 8 of its levels.
You also visited: Bailey.

You collected 399 gold pieces.
You spent 120 gold pieces at shops.

Inventory:

Hand Weapons
 a - a +0 long sword (weapon)
 m - a +0 rapier
 u - a +3 war axe
 x - a +2 mace of draining
 D - a +0 falchion
 K - a +3 spear
Missiles
 l - 11 poisoned darts (quivered)
Armour
 d - an orb of light (worn)
 h - a +0 ring mail
 n - a +0 leather armour
 s - a +3 leather armour (worn)
 A - a +0 pair of gloves (worn)
Jewellery
 B - a +4 ring of protection (left hand)
 I - an amulet of faith (around neck)
Wands
 t - a wand of roots (15)
 v - a wand of flame (48)
Scrolls
 b - 2 scrolls of amnesia
 e - a scroll of butterflies {unknown}
 g - a scroll of blinking
 j - 2 scrolls of teleportation
 k - 2 scrolls of poison
 r - a scroll of vulnerability {unknown}
 y - a scroll of brand weapon {unknown}
 z - a scroll of acquirement {unknown}
 C - a scroll of enchant armour {unknown}
 F - a scroll of silence {unknown}
Potions
 c - a potion of ambrosia
 f - 6 potions of curing
 i - 4 potions of mutation
 o - 4 potions of heal wounds
 p - 3 potions of degeneration {unknown}
 q - a potion of berserk rage {unknown}
 w - a potion of lignification {unknown}
 E - a potion of cancellation {unknown}
 G - 2 potions of attraction {unknown}
 H - 2 potions of flight {unknown}


   Skills:
 + Level 5.5 Fighting
 + Level 7.9 Long Blades
 + Level 1.0 Throwing
 + Level 3.6 Armour
 + Level 5.8 Dodging
 * Level 3.7 Spellcasting
 + Level 0.1 Evocations


You knew the following spells:

 Your Spells              Type           Power      Damage    Failure   Level
a - Summon Small Mammal   Summ           48%        N/A       6%          1
b - Scorch                Fire           24%        2d6       10%         2
c - Frozen Ramparts       Ice            24%        1d4       19%         3
d - Dazzling Flash        Conj/Hex       24%        N/A       19%         3
Your spell library was empty.

Dungeon Overview and Level Annotations

Branches:
Dungeon (7/15)             Temple (1/1) D:4          Bailey (1/1)

Altars:
Ashenzari
Cheibriados
Dithmenos
Elyvilon
Gozag
Hepliaklqana
Makhleb
Nemelex Xobeh
Okawaru
Qazlal
Trog
Xom
Zin
The Shining One

Shops:
D:2 ?[   D:3 [   D:5 *

Annotations:
D:4 Sigmund


Innate Abilities, Weirdness & Mutations

You are immune to sickness and miasma.
You are immune to poison.
Your flesh is very heat resistant. (rF++)
You are vulnerable to cold. (rC-)
You float through the air rather than walking.
You learn spells naturally, not from books.
Your magical power is your life essence.
You have superior vitality. (+4 MHP)


Message History

The orc warrior is severely wounded.
The orc warrior splashes around in the water.
You barely miss the orc warrior.
The orc warrior is severely wounded.
The orc warrior hits you but does no damage.
You hit the orc warrior but do no damage.
The orc warrior is severely wounded.
The orc warrior hits you with a +0 halberd!
You hit the orc warrior but do no damage.
The orc warrior is severely wounded.
The orc warrior barely misses you.
You barely miss the orc warrior.
The orc warrior is severely wounded.
The orc warrior barely misses you.
You barely miss the orc warrior.
The orc warrior is severely wounded.
The orc warrior hits you but does no damage.
You hit the orc warrior but do no damage.
The orc warrior is severely wounded.
The orc warrior completely misses you.
You hit the orc warrior but do no damage.
The orc warrior is severely wounded.
The orc warrior closely misses you.
You hit the orc warrior.
The orc warrior is severely wounded.
The orc warrior barely misses you.
You hit the orc warrior.
The orc warrior is almost dead.
The orc warrior hits you with a +0 halberd!
* * * LOW HITPOINT WARNING * * *
You barely miss the orc warrior.
The orc warrior is almost dead.
The orc warrior closely misses you.
The orc warrior unwields a +0 halberd.
The orc warrior wields the +4 sling "Joss" {elec, rC+ Dex+4}.
You hear the crackle of electricity.
The orc warrior shoots a sling bullet.
The sling bullet hits you!
* * * LOW HITPOINT WARNING * * *
The orc warrior shoots a sling bullet.
The sling bullet hits you!
You die...

###########
#.........##
..~~~~~~~..##
.~~.....~~..##
~~..###..~~..##########
~..##.##..~~..........#
..##.∩.##..~~o~~@~)~).#
.##.....##.........)~.#
#####'###'#########.~.#
#..o§§....# ##.~.#
..≈§§§§≈≈..# ##..~.#
.§≈..§..≈≈..## ##..~~.#
....⌠∩⌠......#'#..~~.∩#
≈≈...⌠.§.≈≈o.#'#..~~.##
.≈§....§≈≈..##.##..~~.#


You could see an orc warrior.

Vanquished Creatures
  An unseen horror (D:7)
  A hornet (D:7)
  Eustachio (D:6)
  A water moccasin (D:6)
  A black bear (D:5)
  4 orc warriors (Bailey)
  A sky beast (D:6)
  A centaur (D:6)
  A phantom (D:5)
  2 bullfrogs (D:6)
  2 scorpions
  3 howler monkeys
  A hound (D:5)
  4 jellies
  An orc priest (D:6)
  A gnoll bouda (D:5)
  4 iguanas (D:6)
  An orc wizard (D:6)
  3 gnolls
  7 adders
  A shadow imp (D:6)
  An ufetubus (D:6)
  3 worms
  3 dart slugs
  21 orcs
  7 endoplasms
  7 giant cockroaches
  17 goblins
  4 hobgoblins
  4 jackals (D:2)
  5 quokkas
  8 ball pythons
  3 bats
  2 frilled lizards (D:2)
  6 kobolds
  4 rats
137 creatures vanquished.

Notes
Turn   | Place    | Note
-------+----------+-------------------------------------------
     0 | D:1      | jimonade the Djinni Monk began the quest for the Orb.
     0 | D:1      | Reached XP level 1. HP: 20/20 MP: 0/0
   165 | D:1      | Reached XP level 2. HP: 23/25 MP: 0/0
   189 | D:1      | You are sucked into a shaft and drop 1 floor!
   234 | D:1      | Reached skill level 3 in Long Blades
   442 | D:1      | Reached XP level 3. HP: 30/30 MP: 0/0
   442 | D:1      | Learned a level 1 spell: Summon Small Mammal
   954 | D:2      | Found Soepsyrr's Armour Shop.
  1024 | D:2      | Found Fedehul's Magic Scroll Emporium.
  1082 | D:2      | Reached XP level 4. HP: 35/35 MP: 0/0
  1853 | D:3      | Found Baluraca's Antique Armour Boutique.
  2087 | D:3      | Reached skill level 1 in Armour
  2115 | D:3      | Found a shimmering altar of Xom.
  2216 | D:3      | Reached skill level 4 in Long Blades
  2217 | D:3      | Reached XP level 5. HP: 40/40 MP: 0/0
  2217 | D:3      | Learned a level 2 spell: Scorch
  2507 | D:4      | Reached XP level 6. HP: 41/46 MP: 0/0
  2888 | D:4      | Reached skill level 1 in Spellcasting
  2917 | D:4      | Found a staircase to the Ecumenical Temple.
  2922 | Temple   | Entered the Ecumenical Temple
  3143 | D:4      | Noticed Sigmund
  3237 | D:5      | Entered Level 5 of the Dungeon
  3246 | D:5      | Noticed a black bear
  3763 | D:5      | Killed a black bear
  3764 | D:5      | Reached skill level 5 in Long Blades
  3764 | D:5      | Reached XP level 7. HP: 31/51 MP: 0/0
  3764 | D:5      | Learned a level 3 spell: Frozen Ramparts
  4219 | D:5      | Found Pepta's Assorted Antiques.
  4224 | D:5      | Bought a bronze ring for 120 gold pieces
  4382 | D:6      | Noticed Eustachio
  4586 | D:6      | Noticed a water moccasin
  4590 | D:6      | Reached XP level 8. HP: 47/58 MP: 0/0
  4705 | D:6      | Reached skill level 6 in Long Blades
  5517 | D:6      | Killed Eustachio
  5518 | D:6      | Reached skill level 5 in Dodging
  5518 | D:6      | Reached XP level 9. HP: 64/64 MP: 0/0
  5518 | D:6      | Learned a level 3 spell: Dazzling Flash
  5570 | D:7      | Noticed an unseen horror
  5602 | D:7      | Killed an unseen horror
  5603 | D:7      | Reached skill level 5 in Fighting
  5603 | D:7      | Reached skill level 7 in Long Blades
  5706 | D:7      | Noticed a hornet
  5723 | D:7      | Killed a hornet
  5821 | D:7      | Found a flagged portal.
  5831 | Bailey   | Entered a bailey
  6235 | Bailey   | Identified the +4 sling "Joss" {elec, rC+ Dex+4}
  6306 | Bailey   | Reached skill level 1 in Throwing
  6419 | Bailey   | Shot with a sling bullet by an orc warrior

Illustrated notes

Levels and vault maps discovered:
D:1:      evilmike_arrival_crescent, layout_basic, minmay_unequal
D:2:      layout_loops_ring, serial_shops, nicolae_shop_rolled_up,
          nicolae_shop_waterfront, grunt_decor_one_mirror
D:3:      layout_basic, lemuel_doored_altar, serial_shops, shop_fountains,
          kennysheep_generic_room_3
D:4:      wander_river, layout_loops_ring, minmay_temple_entry_crystal_x,
          uniq_sigmund
D:5:      layout_loops_corners, serial_shops, nicolae_shop_pleasant_corner_grove
D:6:      layout_basic, uniq_eustachio
D:7:      layout_basic, enter_bailey_3, serial_shops, nicolae_shop_scrapyard,
          uniq_menkaure, uniq_crazy_yiuf_cottage
Temple:   nicolae_temple_bog_church
Bailey:   bailey_polearm_1, bailey

Skill      XL: |  1  2  3  4  5  6  7  8  9 |
---------------+----------------------------+-----
Long Blades    | 3 4 5 6 7 |  7.9
Armour         | 1 2 3 |  3.6
Dodging        | 4 5 |  5.8
Spellcasting   | 1 2 3 |  3.7
Fighting       | 4 5 |  5.5
Throwing       | 1 |  1.0
Evocations     | |  0.1

Action                     |  1- 3 |  4- 6 |  7- 9 || total
---------------------------+-------+-------+-------++-------
  Melee: Falchion          |    83 |   177 |    87 ||   347
         Long sword        |       |       |   183 ||   183
  Throw: Dart              |       |     7 |    14 ||    21
   Cast: Scorch            |       |       |     7 ||     7
  Evoke: Wand              |       |       |     3 ||     3
    Use: Scroll            |       |       |     8 ||     8
 Armour: Robe              |     1 |       |       ||     1
         Ring mail         |    27 |    29 |       ||    56
         Leather armour    |       |    42 |    96 ||   138
  Dodge: Dodged            |    38 |   112 |   263 ||   413
